 Dungeon Crawl Stone Soup version 0.31-a0-152-g6aa68a64a1 (webtiles) character file.

Game seed: 14889681764292584068

194146 qw the Crack Shot (level 18, 1/1 HPs)
             Began as a Gargoyle Hunter on June 10, 2023.
             Quit the game on level 12 of the Dungeon.
             The game lasted 00:37:44 (66634 turns).

qw the Crack Shot (Gargoyle Hunter)                Turns: 66634, Time: 00:37:44

Health: 1/1        AC: 28    Str: 16    XL:     18   Next: 29%
Magic:  25/25      EV: 25    Int: 15    God:
Gold:   596        SH:  0    Dex: 22    Spells: 17/17 levels left

rFire   + + +        i - +5 triple crossbow "Heokuny" {elec, Dex+3 Stlth+}
rCold   . . .        (shield currently unavailable)
rNeg    + . .        z - +0 troll leather armour
rPois   inf          e - +2 hat {SInv}
rElec   +            I - +0 cloak of the Gusle {Rampage rPois Will+}
rCorr   .            a - +2 pair of gloves
SInv    +            n - +1 pair of boots
Will    ++...        E - amulet of faith
Stlth   +++          h - ring "Akaiba" {EV+5 Int+2}
HPRegen 1.00/turn    l - ring of Xom's Attic {rPois rF+++ Int+2 Slay+4}
MPRegen 0.19/turn

%: rampage, faith
@: flying
A: sickness immunity, AC +13, big wings, negative energy resistance 1,
electricity resistance, torment resistance 1, petrification resistance
}: 1/15 runes: barnacled
a: no special abilities


You were on level 12 of the Dungeon.
You visited 5 branches of the dungeon, and saw 29 of its levels.

You collected 2734 gold pieces.
You spent 2138 gold pieces at shops.


Innate Abilities, Weirdness & Mutations

You are immune to sickness and miasma.
Your stone body is resilient. (AC +13)
You are immune to poison.
Your large and strong wings let you fly.
You resist negative energy. (rN+)
You are resistant to electric shocks. (rElec)
You are resistant to unholy torment.
You are immune to petrification.


   Skills:
 - Level 18.0 Fighting
 + Level 22.0 Ranged Weapons
 - Level 10.0 Armour
 - Level 11.2 Dodging
 - Level 1.1 Stealth
 - Level 10.0 Invocations


You had 17 spell levels left.
You didn't know any spells.
Your spell library was empty.

Inventory:

Hand Weapons
 i - the +5 triple crossbow "Heokuny" (weapon) {elec, Dex+3 Stlth+}
   (Okawaru gifted it to you on level 2 of the Lair of Beasts)

   Dex:       It affects your dexterity (+3).
   Stlth:     It makes you more stealthy.
 v - a +3 longbow of flaming
Armour
 a - a +2 pair of gloves (worn)
 e - a +2 hat of see invisible (worn)
 f - a +1 ring mail of cold resistance
 k - a +2 robe of resistance
 n - a +1 pair of boots (worn)
 y - a +1 helmet
 z - a +0 troll leather armour (worn)
 C - +0 acid dragon scales
 G - a +3 leather armour of fire resistance
 I - the +0 cloak of the Gusle (worn) {Rampage rPois Will+}
   (Okawaru gifted it to you on level 3 of the Snake Pit)

   rPois:     It protects you from poison.
   Rampage:   It bestows one free step when moving towards enemies.
   Will:      It increases your willpower.
Jewellery
 h - the ring "Akaiba" (left hand) {EV+5 Int+2}
   (You acquired it on level 2 of the Dungeon)

   [ring of evasion]

   EV:        It affects your evasion (+5).
   Int:       It affects your intelligence (+2).
 j - a ring of resist corrosion
 l - the ring of Xom's Attic (right hand) {rPois rF+++ Int+2 Slay+4}
   (You acquired it on level 7 of the Dungeon)

   [ring of slaying]

   Int:       It affects your intelligence (+2).
   Slay:      It affects your accuracy & damage with ranged weapons and melee
   (+4).
   rF:        It renders you almost immune to fire.
   rPois:     It protects you from poison.
 o - a ring of ice
 r - a +5 ring of evasion
 s - a ring of protection from fire
 w - an amulet of the acrobat
 E - an amulet of faith (around neck)
Wands
 B - a wand of digging (12)
Scrolls
 d - 24 scrolls of identify
 A - 3 scrolls of enchant weapon
 F - 3 scrolls of teleportation
Potions
 b - 17 potions of curing
 c - 3 potions of heal wounds
 g - 4 potions of resistance
 m - 8 potions of attraction
 p - 5 potions of lignification
 q - 10 potions of might
 t - a potion of haste
 u - 3 potions of mutation
 x - 2 potions of magic

Dungeon Overview and Level Annotations

Branches:
Dungeon (15/15)            Temple (0/1) D:7            Lair (5/5) D:9
 Shoals (4/4) Lair:3        Snake (3/4) Lair:2        Slime (0/5) Lair:5
    Orc (2/2) D:9             Elf (0/3) Orc:2        Depths (0/4) D:15
 Vaults: D:13-14

Altars:
Ashenzari
Cheibriados
Elyvilon
Gozag
Hepliaklqana
Kikubaaqudgha
Makhleb
Nemelex Xobeh
Okawaru
Qazlal
Ru
Trog
Uskayaw
Vehumet
Xom
Yredelemnul
Zin
Jiyva

Shops:
D:2 *   D:10 [   D:12 *   Orc:2 [[=!

Portals:
Hell: Lair:5
Bailey: D:8

Annotations:
D:6 2 runed translucent doors, qw's ghost, amateur MiHu
D:12 3 runed translucent doors, Netaeli's ghost, journeyman SpVM
Lair:3 3 runed translucent doors, qw's ghost, journeyman GrHu
Lair:5 3 runed translucent doors, qw's ghost, journeyman GrFi; qw's ghost, journeyman MiHu
Shoals:2 1 runed translucent door, Qatuad's ghost, adept GnFi
Orc:1 1 transporter, Saint Roka
Orc:2 2 transporters, qw's ghost, adept GrHu


Message History

You see here an amulet of guardian spirit.
There is a stone staircase leading up here.
You see here a +0 leather armour.
There is a stone staircase leading up here.
You see here a +0 leather armour.
There is a stone staircase leading up here.
There is an escape hatch in the ceiling here.
You see here an amulet of guardian spirit.
There is a stone staircase leading up here.
There is a stone staircase leading up here.
There is a stone staircase leading up here.
You see here a +0 leather armour.
There is a stone staircase leading up here.
There is an escape hatch in the ceiling here.
You see here an amulet of guardian spirit.
There is a stone staircase leading up here.
There is a stone staircase leading up here.
There is a stone staircase leading up here.
There is an escape hatch in the ceiling here.
You see here an amulet of guardian spirit.
There is a stone staircase leading up here.
You see here a +0 leather armour.
There is a stone staircase leading up here.
You see here a +0 leather armour.
There is a stone staircase leading up here.
There is an escape hatch in the ceiling here.
You see here an amulet of guardian spirit.
Zot has nearly found you.
Suffering is imminent.
Descend or flee this branch!
There is a stone staircase leading up here.
There is an escape hatch in the ceiling here.
You see here an amulet of guardian spirit.
There is a stone staircase leading up here.
There is a stone staircase leading up here.
There is a stone staircase leading up here.
You see here a +0 leather armour.
There is a stone staircase leading up here.
There is a stone staircase leading up here.
Zot's power touches on you...
Buggy note passed: unknown note type Are you sure you want to abandon this character and quit the game? (Confirm with "yes".)

#)....................##
#.....................##
##.....................#
......................##
............[..........##
........................#
........................#
#.......................#
.<..............@......##
####............#<....##
#...............#.....#
......................##
.......................###
#........................##
..........................####
..........#..................#
.........####...........#....#


There were no monsters in sight!

Vanquished Creatures
  2 krakens
  Gastronok (D:12)
  Ilsuiw (Shoals:3)
  Aizul (Snake:3)
  A stone giant (D:15)
  Nessos (D:13)
  8 merfolk impalers
  Josephine (D:13)
  6 merfolk javelineers
  Fannar (Lair:2)
  2 salamander tyrants (Snake:2)
  Erolcha (Orc:2)
  An ice dragon (D:11)
  4 hydras
  5 centaur warriors
  6 anacondas
  3 merfolk avatars
  4 merfolk aquamancers
  3 boulder beetles
  An alligator snapping turtle (Shoals:4)
  A satyr (Shoals:4)
  4 death yaks
  4 naga warriors
  4 tengu warriors
  An orc high priest (Orc:2)
  6 naga sharpshooters
  Urug (Lair:5)
  2 shock serpents
  Sonja (D:13)
  4 skysharks
  4 salamander mystics (Snake:2)
  4 skeletal warriors (D:15)
  A sixfirhy (Lair:5)
  10 sea snakes
  2 naga ritualists
  Pikel (D:7)
  2 wizards
  13 harpies (Shoals:4)
  A lindwurm (Lair:4)
  11 ugly things
  4 deep elf pyromancers
  2 oklob plants (Shoals:4)
  9 mana vipers
  6 orc sorcerers
  A salamander (shapeshifter) (D:15)
  8 fauns
  15 salamanders
  16 manticores
  16 elephants
  27 black mambas
  13 merfolk sirens
  7 cyclopes
  A guardian serpent (Snake:2)
  12 naga magi
  8 water nymphs
  2 orange demons (Lair:5)
  Maurice (Orc:1)
  12 cane toads
  A torpor snail (Lair:5)
  4 kobold demonologists
  8 rime drakes
  An unseen horror (D:10)
  A tengu conjurer (D:13)
  12 komodo dragons
  3 ice devils (Lair:5)
  11 trolls
  38 merfolk
  5 polar bears
  A hellwing (Lair:5)
  12 wind drakes
  10 dream sheep
  7 snapping turtles
  Grinder (D:6)
  Sigmund (D:4)
  10 slime creatures
  3 centaur simulacra (D:11)
  2 vampires
  13 water elementals
  4 wyverns
  56 yaks
  A human (shapeshifter) (D:15)
  6 wraiths
  10 basilisks
  A steam dragon (D:7)
  8 vampire mosquitoes
  24 nagas
  Menkaure (D:5)
  2 acid dragons (D:12)
  5 hell hounds (Lair:5)
  9 water moccasins
  Duvessa (D:5)
  2 ice beasts
  2 black bears
  A sky beast (D:7)
  29 orc warriors
  4 wolves (D:9)
  14 centaurs
  7 ogres
  A lemure (D:7)
  4 phantoms
  24 kobold brigands
  Blork the orc (D:4)
  2 necrophages (D:7)
  12 bullfrogs
  2 water moccasin zombies (D:6)
  3 scorpions
  Dowan (D:5)
  2 wights (D:7)
  10 killer bees
  An electric eel (D:9)
  5 howler monkeys
  4 lava snakes (Lair:2)
  9 crimson imps
  5 jellies
  A human zombie (D:7)
  5 hounds
  2 centaur zombies (D:7)
  17 orc priests
  A bullfrog skeleton (D:6)
  A gnoll bouda (D:9)
  A sleepcap (D:6)
  4 iguanas
  Ijyb (D:3)
  34 orc wizards
  A scorpion zombie (D:4)
  9 hell rats
  2 killer bee zombies (D:7)
  A hound zombie (D:4)
  4 howler monkey zombies
  8 gnolls
  13 adders
  5 river rats (Lair:3)
  2 shadow imps
  5 white imps
  A worm (D:5)
  4 dart slugs
  80 orcs
  6 bats
  6 endoplasms
  3 giant cockroaches
  8 goblins
  7 hobgoblins
  8 jackals
  7 quokkas
  6 ball pythons
  6 frilled lizards
  20 kobolds
  7 rats
  9 tentacles
1002 creatures vanquished.

Vanquished Creatures (others)
  12 tentacles
12 creatures vanquished.

Grand Total: 1014 creatures vanquished

Notes
Turn   | Place    | Note
-------+----------+-------------------------------------------
     0 | D:1      | qw the Gargoyle Hunter began the quest for the Orb.
     0 | D:1      | Reached XP level 1. HP: 12/12 MP: 1/1
     0 | D:1      | 0 ||| qw: Version: 0.2-a-123-gb51047a
     0 | D:1      | 0 ||| qw: Game counter: 3738
     0 | D:1      | 0 ||| qw: Always use a shield: true
     0 | D:1      | 0 ||| qw: God list: Okawaru
     0 | D:1      | 0 ||| qw: Allow faded altars: false
     0 | D:1      | 0 ||| qw: Do Orc after D:15 true
     0 | D:1      | 0 ||| qw: Do second Lair branch before Depths: true
     0 | D:1      | 0 ||| qw: Lair rune preference: random
     0 | D:1      | 0 ||| qw: Plans: Normal, Zot:1-4, Slime:5, God:TSO, Crypt,
                  | Tomb, Abyss, Pan, Hells, Win
     0 | D:1      | 0 ||| PLANNING D:1-11
   145 | D:1      | Reached XP level 2. HP: 17/17 MP: 2/2
   542 | D:1      | Reached XP level 3. HP: 21/21 MP: 3/3
   789 | D:1      | 789 ||| UPGRADING to +1 ring mail of cold resistance.
   799 | D:1      | 799 ||| DROPPING +0 leather armour.
   800 | D:1      | 800 ||| UPGRADING to +6 ring of strength.
   801 | D:1      | 801 ||| READING 2 scrolls labelled CIMEME NILLUEG.
   802 | D:1      | 802 ||| DROPPING scroll of noise.
   803 | D:1      | 803 ||| DROPPING scroll of butterflies.
   918 | D:2      | Found Ygrint's Assorted Antiques.
   931 | D:2      | 931 ||| SHOPLISTING crooked fluorescent wand (112 gold,
                  | have 49).
   931 | D:2      | 931 ||| SHOPLISTING dented soapstone amulet (140 gold, have
                  | 49).
   947 | D:2      | Reached skill level 1 in Armour
   972 | D:2      | Reached skill level 5 in Ranged Weapons
  1023 | D:2      | Reached XP level 4. HP: 27/27 MP: 4/4
  1083 | D:2      | Reached skill level 3 in Fighting
  1202 | D:2      | Found a faded altar of an unknown god.
  1748 | D:2      | 1748 ||| UPGRADING to ring of resist corrosion.
  1749 | D:2      | 1749 ||| READING scroll labelled TAOTIC TUSIY.
  1850 | D:2      | 1850 ||| READING scroll labelled KILYT URCHASTRYOR.
  1851 | D:2      | 1851 ||| READING scroll labelled FAWUAWA QENNUDGH.
  1852 | D:2      | 1852 ||| READING scroll labelled OTTASTRUHID.
  1853 | D:2      | 1853 ||| READING scroll labelled YCRAENL SOVOO.
  1854 | D:2      | 1854 ||| DRINKING 2 sapphire potions.
  1855 | D:2      | 1855 ||| DRINKING 2 bubbling grey potions.
  2052 | D:3      | Reached XP level 5. HP: 12/32 MP: 5/5
  2074 | D:3      | 2074 ||| FLEEEEING.
  2075 | D:3      | 2075 ||| FLEEEEING.
  2076 | D:3      | 2076 ||| FLEEEEING.
  2077 | D:3      | 2077 ||| FLEEEEING.
  2078 | D:3      | 2078 ||| FLEEEEING.
  2079 | D:3      | 2079 ||| FLEEEEING.
  2080 | D:3      | 2080 ||| FLEEEEING.
  2081 | D:3      | 2081 ||| FLEEEEING.
  2082 | D:3      | 2082 ||| FLEEEEING.
  2083 | D:3      | 2083 ||| FLEEEEING.
  2084 | D:3      | 2084 ||| FLEEEEING.
  2085 | D:3      | 2085 ||| FLEEEEING.
  2086 | D:3      | 2086 ||| FLEEEEING.
  2087 | D:3      | 2087 ||| FLEEEEING.
  2088 | D:3      | 2088 ||| FLEEEEING.
  2089 | D:3      | 2089 ||| FLEEEEING.
  2090 | D:3      | 2090 ||| STAIRDANCE
  2129 | D:2      | 2129 ||| UPGRADING to +0 pair of gloves.
  2134 | D:2      | 2134 ||| DRINKING 2 orange potions.
  2135 | D:2      | 2135 ||| DROPPING potion of degeneration.
  2143 | D:3      | 2143 ||| STAIRDANCE
  2157 | D:2      | 2157 ||| READING scroll labelled TEEFIU BEZELAIJU.
  2157 | D:2      | Identified a scroll of acquirement
  2157 | D:2      | 2157 ||| ACQUIRING ring "Akaiba" {EV+5 Int+2}
  2157 | D:2      | Acquired the ring "Akaiba" {EV+5 Int+2}
  2159 | D:2      | 2159 ||| UPGRADING to ring "Akaiba" {EV+5 Int+2}.
  2161 | D:2      | 2161 ||| UPGRADING to +6 ring of strength.
  2383 | D:3      | Reached skill level 6 in Ranged Weapons
  2491 | D:3      | Noticed Ijyb
  2504 | D:3      | Killed Ijyb
  2658 | D:3      | 2658 ||| DRINKING 2 fizzy coppery potions.
  2659 | D:3      | 2659 ||| READING 2 scrolls of identify.
  2659 | D:3      | 2659 ||| IDENTIFYING bubbling purple potion
  2660 | D:3      | 2660 ||| DROPPING potion of invisibility.
  2720 | D:4      | Noticed Sigmund
  2731 | D:4      | Killed Sigmund
  2732 | D:4      | Reached XP level 6. HP: 26/40 MP: 6/6
  2855 | D:4      | Reached XP level 7. HP: 44/44 MP: 7/7
  2867 | D:4      | Found an iron altar of Okawaru.
  2868 | D:4      | 2868 ||| PLANNING OKAWARU WORSHIP
  2868 | D:4      | 2868 ||| READING 2 scrolls of identify.
  2868 | D:4      | 2868 ||| IDENTIFYING fuming brown potion
  2876 | D:4      | Became a worshipper of Warmaster Okawaru
  2876 | D:4      | 2876 ||| PLANNING D:1-11
  2944 | D:4      | Found a shimmering altar of Xom.
  2945 | D:4      | Noticed Blork the orc
  2952 | D:4      | Killed Blork the orc
  3079 | D:4      | Reached skill level 7 in Ranged Weapons
  3347 | D:4      | Found a basalt altar of Yredelemnul.
  3665 | D:4      | 3665 ||| UPGRADING to +0 helmet.
  3670 | D:4      | 3670 ||| UPGRADING to +2 robe of resistance.
  3680 | D:4      | 3680 ||| DROPPING +0 leather armour of fire resistance.
  3681 | D:4      | 3681 ||| READING scroll labelled MASUCU RENTIS.
  3706 | D:5      | Entered Level 5 of the Dungeon
  3717 | D:5      | 3717 ||| STAIRDANCE
  3765 | D:5      | Noticed Menkaure
  3771 | D:5      | HP: 11/44 [Menkaure (5)]
  3772 | D:5      | 3772 ||| DRINKING potion of heal wounds.
  3773 | D:5      | Killed Menkaure
  3773 | D:5      | Reached * piety under Okawaru
  3781 | D:5      | Noticed Dowan
  3782 | D:5      | 3782 ||| FLEEEEING.
  3783 | D:5      | 3783 ||| FLEEEEING.
  3847 | D:5      | Noticed Duvessa
  3848 | D:5      | 3848 ||| INVOKING Heroism.
  3856 | D:5      | Killed Duvessa
  3857 | D:5      | Reached skill level 1 in Invocations
  3857 | D:5      | Reached XP level 8. HP: 50/50 MP: 6/9
  3857 | D:5      | 3857 ||| INVOKING Heroism.
  3868 | D:5      | Killed Dowan
  3869 | D:5      | Reached skill level 8 in Ranged Weapons
  3931 | D:5      | Identified the +9 short sword "Leresa" {drain, MP+9}
  4062 | D:5      | 4062 ||| INVOKING Heroism.
  4152 | D:5      | 4152 ||| INVOKING Heroism.
  4162 | D:5      | Reached skill level 9 in Ranged Weapons
  4165 | D:5      | Reached skill level 6 in Fighting
  4198 | D:5      | 4198 ||| INVOKING Heroism.
  4199 | D:5      | 4199 ||| SWAPPING to +0 orcbow.
  4204 | D:5      | 4204 ||| Stepping ~*~*~tactically~*~*~ (outnumbered).
  4218 | D:5      | Reached skill level 3 in Invocations
  4218 | D:5      | 4218 ||| DROPPING +0 heavy shortbow.
  4238 | D:5      | Reached XP level 9. HP: 51/55 MP: 11/11
  4343 | D:5      | 4343 ||| Stepping ~*~*~tactically~*~*~ (outnumbered).
  4467 | D:5      | 4467 ||| DRINKING 2 puce potions.
  4504 | D:5      | 4504 ||| DRINKING 2 murky clear potions.
  4505 | D:5      | 4505 ||| READING 3 scrolls of identify.
  4505 | D:5      | 4505 ||| IDENTIFYING bubbling amethyst potion
  4506 | D:5      | 4506 ||| READING 2 scrolls of identify.
  4506 | D:5      | 4506 ||| IDENTIFYING brown potion
  4507 | D:5      | 4507 ||| DROPPING potion of ambrosia.
  4508 | D:5      | 4508 ||| DROPPING potion of enlightenment.
  4509 | D:5      | 4509 ||| DROPPING potion of brilliance.
  4570 | D:6      | Found a runed translucent door.
  4575 | D:6      | Noticed qw's ghost (amateur MiHu)
  4595 | D:6      | Noticed Grinder
  4596 | D:6      | 4596 ||| INVOKING Heroism.
  4599 | D:6      | Paralysed by Grinder for 4 turns
  4604 | D:6      | Killed Grinder
  4605 | D:6      | Reached skill level 10 in Ranged Weapons
  4654 | D:6      | Found a runed translucent door.
  4734 | D:6      | Reached skill level 3 in Dodging
  4740 | D:6      | Reached ** piety under Okawaru
  4744 | D:6      | 4744 ||| INVOKING Heroism.
  4810 | D:6      | 4810 ||| INVOKING Heroism.
  4852 | D:6      | Found a white marble altar of Elyvilon.
  4899 | D:6      | 4899 ||| INVOKING Heroism.
  4902 | D:6      | 4902 ||| Stepping ~*~*~tactically~*~*~ (outnumbered).
  5014 | D:6      | Found a radiant altar of Vehumet.
  5028 | D:6      | Found a burning altar of Makhleb.
  5332 | D:6      | 5332 ||| UPGRADING to ring of protection from fire.
  5334 | D:6      | 5334 ||| READING 2 scrolls labelled NASCHA BYCIATE.
  5345 | D:6      | Reached skill level 11 in Ranged Weapons
  5345 | D:6      | 5345 ||| READING scroll labelled XOASAU YFRO.
  5346 | D:6      | 5346 ||| READING scroll labelled ZOSIEM JAOPT.
  5532 | D:7      | 5532 ||| READING 2 scrolls of acquirement.
  5532 | D:7      | 5532 ||| ACQUIRING +1 longbow of freezing
  5532 | D:7      | Acquired a +1 longbow of freezing
  5534 | D:7      | 5534 ||| SWAPPING to +1 longbow of freezing.
  5535 | D:7      | 5535 ||| DROPPING +1 orcbow.
  5536 | D:7      | 5536 ||| READING scroll of acquirement.
  5536 | D:7      | 5536 ||| ACQUIRING ring of Xom's Attic {rPois rF+++ Int+2
                  | Slay+4}
  5536 | D:7      | Acquired the ring of Xom's Attic {rPois rF+++ Int+2 Slay+4}
  5555 | D:7      | 5555 ||| INVOKING Heroism.
  5609 | D:7      | Noticed Pikel
  5610 | D:7      | 5610 ||| INVOKING Heroism.
  5618 | D:7      | Killed Pikel
  5619 | D:7      | Reached XP level 10. HP: 63/64 MP: 11/13
  5647 | D:7      | 5647 ||| INVOKING Heroism.
  5671 | D:7      | 5671 ||| INVOKING Heroism.
  5684 | D:7      | Reached skill level 12 in Ranged Weapons
  5995 | D:7      | 5995 ||| Stepping ~*~*~tactically~*~*~ (outnumbered).
  6011 | D:7      | 6011 ||| DRINKING 8 potions of curing.
  6011 | D:7      | 6011 ||| (to cure confusion)
  6054 | D:7      | Found a staircase to the Ecumenical Temple.
  6290 | D:7      | Found an ancient bone altar of Kikubaaqudgha.
  6317 | D:7      | Reached *** piety under Okawaru
  6384 | D:7      | 6384 ||| UPGRADING to +0 pair of boots.
  6389 | D:7      | 6389 ||| DROPPING ring of fire.
  6390 | D:7      | 6390 ||| DROPPING +6 ring of strength.
  6391 | D:7      | 6391 ||| UPGRADING to ring of Xom's Attic {rPois rF+++
                  | Int+2 Slay+4}.
  6393 | D:7      | 6393 ||| UPGRADING to +1 ring mail of cold resistance.
  6403 | D:7      | 6403 ||| READING scroll labelled FYCKAHO VIATOMM.
  6404 | D:7      | 6404 ||| READING scroll labelled ETOTIVUUME.
  6467 | D:8      | Reached skill level 3 in Armour
  6583 | D:8      | 6583 ||| Stepping ~*~*~tactically~*~*~ (outnumbered).
  6585 | D:8      | 6585 ||| Stepping ~*~*~tactically~*~*~ (outnumbered).
  6587 | D:8      | 6587 ||| Stepping ~*~*~tactically~*~*~ (outnumbered).
  6589 | D:8      | 6589 ||| Stepping ~*~*~tactically~*~*~ (outnumbered).
  6601 | D:8      | Found a flagged portal.
  6680 | D:8      | Found a sparkling altar of Nemelex Xobeh.
  7118 | D:9      | Found a snail-covered altar of Cheibriados.
  7136 | D:9      | Found a hazy altar of Hepliaklqana.
  7151 | D:9      | 7151 ||| INVOKING Heroism.
  7182 | D:9      | 7182 ||| INVOKING Heroism.
  7203 | D:9      | Reached skill level 13 in Ranged Weapons
  7266 | D:9      | Reached XP level 11. HP: 68/69 MP: 14/14
  7359 | D:9      | Found a staircase to the Lair.
  7375 | D:9      | Reached skill level 9 in Fighting
  7377 | D:9      | Found an opulent altar of Gozag.
  7379 | D:9      | Found a hide-covered altar of Uskayaw.
  7381 | D:9      | Found a broken altar of Ashenzari.
  7420 | D:9      | Noticed a deep elf pyromancer
  7428 | D:9      | Killed a deep elf pyromancer
  7428 | D:9      | Reached **** piety under Okawaru
  7534 | D:9      | Found a staircase to the Orcish Mines.
  7555 | D:9      | 7555 ||| Stepping ~*~*~tactically~*~*~ (outnumbered).
  7909 | D:9      | 7909 ||| PLANNING LAIR
  7909 | D:9      | 7909 ||| UPGRADING to +1 pair of boots.
  7919 | D:9      | 7919 ||| DROPPING +0 pair of boots.
  7920 | D:9      | 7920 ||| READING scroll labelled CEASCH WINWEC.
  7969 | Lair:1   | Entered Level 1 of the Lair of Beasts
  7970 | Lair:1   | 7970 ||| INVOKING Heroism.
  8058 | Lair:1   | 8058 ||| INVOKING Heroism.
  8226 | Lair:1   | 8226 ||| INVOKING Heroism.
  8496 | Lair:1   | 8496 ||| INVOKING Heroism.
  8597 | Lair:2   | 8597 ||| INVOKING Heroism.
  8611 | Lair:2   | Noticed a death yak
  8615 | Lair:2   | 8615 ||| INVOKING Heroism.
  8615 | Lair:2   | Noticed a death yak
  8616 | Lair:2   | Killed a death yak
  8616 | Lair:2   | Noticed a death yak
  8617 | Lair:2   | Reached skill level 6 in Invocations
  8622 | Lair:2   | Killed a death yak
  8628 | Lair:2   | Killed a death yak
  8641 | Lair:2   | Reached ***** piety under Okawaru
  8642 | Lair:2   | Reached skill level 14 in Ranged Weapons
  8757 | Lair:2   | 8757 ||| INVOKING Heroism.
  8786 | Lair:2   | Found a staircase to the Snake Pit.
  8787 | Lair:2   | Noticed a salamander
  8788 | Lair:2   | 8788 ||| Stepping ~*~*~tactically~*~*~ (outnumbered).
  8790 | Lair:2   | 8790 ||| Stepping ~*~*~tactically~*~*~ (outnumbered).
  8796 | Lair:2   | 8796 ||| INVOKING Heroism.
  8797 | Lair:2   | Killed a salamander
  9003 | Lair:2   | 9003 ||| INVOKING Heroism.
  9176 | Lair:2   | Noticed a five-headed hydra
  9177 | Lair:2   | 9177 ||| INVOKING Heroism.
  9184 | Lair:2   | Killed a five-headed hydra
  9276 | Lair:2   | 9276 ||| INVOKING Heroism.
  9279 | Lair:2   | Reached XP level 12. HP: 77/77 MP: 14/18
  9418 | Lair:2   | 9418 ||| INVOKING Heroism.
  9449 | Lair:2   | Noticed Fannar
  9459 | Lair:2   | Killed Fannar
  9459 | Lair:2   | Identified the +5 triple crossbow "Heokuny" {elec, Dex+3
                  | Stlth+} (Okawaru gifted it to you on level 2 of the Lair of
                  | Beasts)
  9459 | Lair:2   | Received a gift from Okawaru
  9469 | Lair:2   | 9469 ||| SWAPPING to +5 triple crossbow "Heokuny" {elec,
                  | Dex+3 Stlth+}.
  9786 | Lair:3   | Reached skill level 9 in Invocations
  9791 | Lair:3   | 9791 ||| STAIRDANCE
  9952 | Lair:3   | Found a staircase to the Shoals.
  9952 | Lair:3   | You fall into a shaft and drop 2 floors!
  9952 | Lair:5   | Entered Level 5 of the Lair of Beasts
  9952 | Lair:5   | Found a staircase to the Slime Pits.
  9952 | Lair:5   | Found a viscous altar of Jiyva.
  9958 | Lair:5   | 9958 ||| INVOKING Heroism.
  9973 | Lair:5   | Reached skill level 15 in Ranged Weapons
 10066 | Lair:5   | 10066 ||| INVOKING Heroism.
 10090 | Lair:5   | Identified the +4 plate armour "Cekaxai" {Slay+3} (Okawaru
                  | gifted it to you on level 5 of the Lair of Beasts)
 10090 | Lair:5   | Received a gift from Okawaru
 10155 | Lair:5   | Noticed a skyshark
 10159 | Lair:4   | 10159 ||| INVOKING Heroism.
 10225 | Lair:3   | Reached skill level 6 in Armour
 10230 | Lair:3   | 10230 ||| INVOKING Heroism.
 10443 | Lair:3   | Found a runed translucent gate.
 10444 | Lair:3   | Found a runed translucent gate.
 10453 | Lair:3   | Found a runed translucent gate.
 10453 | Lair:3   | Noticed qw's ghost (journeyman GrHu)
 10459 | Lair:3   | Noticed a four-headed hydra
 10460 | Lair:3   | 10460 ||| INVOKING Heroism.
 10461 | Lair:3   | 10461 ||| INVOKING Finesse.
 10466 | Lair:3   | Killed a four-headed hydra
 10467 | Lair:3   | Reached XP level 13. HP: 82/82 MP: 12/20
 10490 | Lair:3   | Reached skill level 16 in Ranged Weapons
 10824 | Lair:3   | 10824 ||| INVOKING Heroism.
 10909 | Lair:3   | 10909 ||| READING scroll of acquirement.
 10909 | Lair:3   | 10909 ||| ACQUIRING +3 longbow of flaming
 10909 | Lair:3   | Acquired a +3 longbow of flaming
 10911 | Lair:3   | 10911 ||| DROPPING +1 longbow of freezing.
 10933 | Lair:3   | 10933 ||| INVOKING Heroism.
 10934 | Lair:3   | 10934 ||| INVOKING Finesse.
 11142 | Lair:3   | Found a viscous altar of Jiyva.
 11409 | Lair:3   | 11409 ||| UPGRADING to amulet of the acrobat.
 11414 | Lair:3   | 11414 ||| DROPPING +4 ring of protection.
 11415 | Lair:3   | 11415 ||| READING 13 scrolls of identify.
 11415 | Lair:3   | 11415 ||| IDENTIFYING ruby potion
 11416 | Lair:3   | 11416 ||| READING 12 scrolls of identify.
 11416 | Lair:3   | 11416 ||| IDENTIFYING sedimented coppery potion
 11417 | Lair:3   | 11417 ||| DROPPING potion of berserk rage.
 11504 | Lair:4   | 11504 ||| INVOKING Heroism.
 11604 | Lair:4   | 11604 ||| INVOKING Heroism.
 11676 | Lair:4   | Received a gift from Okawaru
 11779 | Lair:4   | 11779 ||| INVOKING Heroism.
 11781 | Lair:4   | Reached skill level 17 in Ranged Weapons
 11920 | Lair:4   | 11920 ||| INVOKING Heroism.
 12044 | Lair:4   | 12044 ||| INVOKING Heroism.
 12316 | Lair:4   | 12316 ||| DROPPING +6 ring of intelligence.
 12340 | Lair:5   | 12340 ||| STAIRDANCE
 12343 | Lair:4   | 12343 ||| INVOKING Heroism.
 12355 | Lair:4   | Reached skill level 6 in Dodging
 12512 | Lair:5   | Noticed Urug
 12513 | Lair:5   | 12513 ||| INVOKING Heroism.
 12521 | Lair:5   | Killed Urug
 12521 | Lair:5   | Received a gift from Okawaru
 12574 | Lair:5   | 12574 ||| INVOKING Heroism.
 12686 | Lair:5   | 12686 ||| INVOKING Heroism.
 12694 | Lair:5   | Gained mutation: Your large and strong wings let you fly.
                  | [Gargoyle growth]
 12694 | Lair:5   | Reached XP level 14. HP: 90/90 MP: 19/21
 12832 | Lair:5   | Reached skill level 18 in Ranged Weapons
 12911 | Lair:5   | 12911 ||| INVOKING Heroism.
 12915 | Lair:5   | 12915 ||| Stepping ~*~*~tactically~*~*~ (outnumbered).
 13062 | Lair:5   | Found a runed translucent gate.
 13062 | Lair:5   | Found a runed translucent gate.
 13062 | Lair:5   | Found a runed translucent gate.
 13063 | Lair:5   | Noticed qw's ghost (journeyman MiHu)
 13064 | Lair:5   | Noticed qw's ghost (journeyman GrFi)
 13086 | Lair:5   | 13086 ||| READING scroll of enchant armour.
 13086 | Lair:5   | 13086 ||| ENCHANTING +0 pair of gloves.
 13234 | Lair:5   | 13234 ||| INVOKING Heroism.
 13241 | Lair:5   | Reached skill level 12 in Fighting
 13362 | Lair:5   | Found a burning altar of Makhleb.
 13375 | Lair:5   | Received a gift from Okawaru
 13377 | Lair:5   | 13377 ||| INVOKING Heroism.
 13476 | Lair:5   | Found a gateway to Hell.
 13661 | Lair:5   | 13661 ||| PLANNING D:1-11
 13661 | Lair:5   | 13661 ||| DROPPING ring of willpower.
 13662 | Lair:5   | 13662 ||| READING scroll labelled UMAASO BOMUJIMP.
 13850 | D:10     | Entered Level 10 of the Dungeon
 13863 | D:10     | Found Pouxoong's Antique Armour Shop.
 13869 | D:10     | 13869 ||| BUYING fine robe (125 gold).
 13869 | D:10     | Bought a fine robe for 125 gold pieces
 13869 | D:10     | Identified the +2 robe "Noippuag" {rN+ Will- MP+9} (You
                  | bought it in a shop on level 10 of the Dungeon)
 13869 | D:10     | 13869 ||| BUYING shiny helmet (165 gold).
 13869 | D:10     | Bought a shiny helmet for 165 gold pieces
 13913 | D:10     | 13913 ||| Stepping randomly (disturbance).
 13914 | D:10     | 13914 ||| Stepping randomly (disturbance).
 13915 | D:10     | 13915 ||| Stepping randomly (disturbance).
 13916 | D:10     | 13916 ||| Stepping randomly (disturbance).
 13917 | D:10     | 13917 ||| Stepping randomly (disturbance).
 13918 | D:10     | 13918 ||| DROPPING +2 robe "Noippuag" {rN+ Will- MP+9}.
 13919 | D:10     | 13919 ||| Stepping randomly (disturbance).
 13920 | D:10     | 13920 ||| Stepping randomly (disturbance).
 13925 | D:10     | 13925 ||| Stepping randomly (disturbance).
 13926 | D:10     | 13926 ||| Stepping randomly (disturbance).
 13932 | D:10     | 13932 ||| Stepping randomly (disturbance).
 13933 | D:10     | 13933 ||| Stepping randomly (disturbance).
 13934 | D:10     | 13934 ||| Stepping randomly (disturbance).
 13937 | D:10     | 13937 ||| Stepping randomly (disturbance).
 14021 | D:10     | 14021 ||| INVOKING Heroism.
 14043 | D:10     | Found a glowing silver altar of Zin.
 14068 | D:10     | 14068 ||| Stepping ~*~*~tactically~*~*~ (outnumbered).
 14069 | D:10     | 14069 ||| Stepping ~*~*~tactically~*~*~ (outnumbered).
 14073 | D:10     | 14073 ||| Stepping ~*~*~tactically~*~*~ (outnumbered).
 14079 | D:10     | 14079 ||| Stepping ~*~*~tactically~*~*~ (outnumbered).
 14253 | D:10     | 14253 ||| Stepping ~*~*~tactically~*~*~ (outnumbered).
 14277 | D:10     | Found a sacrificial altar of Ru.
 14391 | D:10     | 14391 ||| FLEEEEING.
 14392 | D:10     | 14392 ||| FLEEEEING.
 14397 | D:10     | 14397 ||| STAIRDANCE
 14432 | D:9      | 14432 ||| UPGRADING to +1 helmet.
 14442 | D:9      | 14442 ||| DROPPING +0 helmet.
 14483 | D:10     | Found a stormy altar of Qazlal.
 14552 | D:10     | 14552 ||| UPGRADING to +4 ring mail.
 14562 | D:10     | 14562 ||| READING 11 scrolls of identify.
 14562 | D:10     | 14562 ||| IDENTIFYING emerald potion
 14653 | D:11     | Found the +8 frozen axe "Frostbite" {freeze, freezing
                  | cloud, *Noise Fly rC+}
 14670 | D:11     | 14670 ||| INVOKING Heroism.
 14672 | D:11     | 14672 ||| INVOKING Finesse.
 14681 | D:11     | Reached skill level 19 in Ranged Weapons
 15150 | D:11     | 15150 ||| PLANNING D
 15150 | D:11     | 15150 ||| UPGRADING to +0 troll leather armour.
 15160 | D:11     | 15160 ||| DROPPING +4 ring mail.
 15224 | D:12     | 15224 ||| INVOKING Heroism.
 15316 | D:12     | Noticed Gastronok
 15322 | D:12     | 15322 ||| INVOKING Heroism.
 15323 | D:12     | Killed Gastronok
 15361 | D:12     | Found a runed translucent gate.
 15517 | D:12     | 15517 ||| Stepping ~*~*~tactically~*~*~ (outnumbered).
 15519 | D:12     | 15519 ||| Stepping ~*~*~tactically~*~*~ (outnumbered).
 15521 | D:12     | 15521 ||| Stepping ~*~*~tactically~*~*~ (outnumbered).
 15723 | D:12     | Found a runed translucent gate.
 15724 | D:12     | Found a runed translucent gate.
 15725 | D:12     | Found an opulent altar of Gozag.
 15726 | D:12     | Found Epith's Assorted Antiques.
 15726 | D:12     | Noticed a tengu reaver
 15727 | D:12     | Noticed Netaeli's ghost (journeyman SpVM)
 15730 | D:12     | 15730 ||| UPGRADING to +1 hat of see invisible.
 15740 | D:12     | 15740 ||| READING 2 scrolls labelled IKOM NESEOCI.
 15741 | D:12     | 15741 ||| DROPPING scroll of vulnerability.
 15766 | D:13     | 15766 ||| INVOKING Heroism.
 15767 | D:13     | 15767 ||| INVOKING Finesse.
 15784 | D:13     | Reached XP level 15. HP: 40/98 MP: 16/22
 15786 | D:13     | 15786 ||| FLEEEEING.
 15787 | D:13     | 15787 ||| FLEEEEING.
 15790 | D:13     | 15790 ||| FLEEEEING.
 15791 | D:13     | 15791 ||| STAIRDANCE
 15870 | D:13     | Noticed Josephine
 15876 | D:13     | Killed Josephine
 16064 | D:13     | Received a gift from Okawaru
 16072 | D:13     | Identified the +1 leather armour of Whack-A-Mole {rF- Str+2
                  | Slay+3}
 16146 | D:13     | Noticed Sonja
 16147 | D:13     | 16147 ||| INVOKING Finesse.
 16150 | D:13     | Killed Sonja
 16505 | D:13     | Noticed Nessos
 16506 | D:13     | 16506 ||| INVOKING Finesse.
 16511 | D:13     | Killed Nessos
 16648 | D:13     | 16648 ||| DROPPING +1 leather armour of Whack-A-Mole {rF-
                  | Str+2 Slay+3}.
 16649 | D:13     | 16649 ||| DROPPING scarf of invisibility.
 16680 | D:14     | 16680 ||| READING scroll of enchant armour.
 16680 | D:14     | 16680 ||| ENCHANTING +1 pair of gloves.
 16937 | D:14     | 16937 ||| INVOKING Heroism.
 16939 | D:14     | 16939 ||| READING 4 scrolls of teleportation.
 16939 | D:14     | HP: 15/98 [slime creature (10)]
 16940 | D:14     | 16940 ||| DRINKING potion of heal wounds.
 17059 | D:14     | 17059 ||| READING 3 scrolls of teleportation.
 17060 | D:14     | 17060 ||| INVOKING Heroism.
 17101 | D:14     | 17101 ||| INVOKING Heroism.
 17273 | D:15     | Entered Level 15 of the Dungeon
 17311 | D:15     | 17311 ||| INVOKING Heroism.
 17328 | D:15     | Identified the +7 rapier "Cianeyxo" {vamp, Will+ Int+4}
                  | (Okawaru gifted it to you on level 15 of the Dungeon)
 17328 | D:15     | Received a gift from Okawaru
 17354 | D:15     | Reached skill level 20 in Ranged Weapons
 17843 | D:15     | 17843 ||| FLEEEEING.
 17844 | D:15     | 17844 ||| FLEEEEING.
 17853 | D:15     | 17853 ||| FLEEEEING.
 17854 | D:15     | 17854 ||| FLEEEEING.
 17855 | D:15     | 17855 ||| FLEEEEING.
 17883 | D:15     | 17883 ||| INVOKING Heroism.
 17899 | D:15     | Found a staircase to the Depths.
 17906 | D:15     | 17906 ||| PLANNING ORC
 18032 | Orc:1    | Entered Level 1 of the Orcish Mines
 18084 | Orc:1    | Reached skill level 9 in Dodging
 18173 | Orc:1    | Noticed Maurice
 18177 | Orc:1    | Killed Maurice
 18226 | Orc:1    | 18226 ||| Stepping ~*~*~tactically~*~*~ (outnumbered).
 18346 | Orc:1    | Found a transporter.
 18603 | Orc:1    | 18603 ||| UPGRADING to +0 cloak.
 18613 | Orc:2    | Entered Level 2 of the Orcish Mines
 18613 | Orc:2    | Noticed Saint Roka
 18614 | Orc:2    | 18614 ||| INVOKING Heroism.
 18615 | Orc:2    | 18615 ||| INVOKING Finesse.
 18638 | Orc:2    | 18638 ||| STAIRDANCE
 18638 | Orc:2    | HP: 15/99 [Saint Roka/+1 heavy great sword (26)]
 18640 | Orc:1    | 18640 ||| READING 2 scrolls of teleportation.
 18641 | Orc:1    | 18641 ||| DRINKING potion of heal wounds.
 18642 | Orc:1    | 18642 ||| INVOKING Heroism.
 18740 | Orc:2    | 18740 ||| STAIRDANCE
 18854 | Orc:2    | Found a transporter.
 18856 | Orc:2    | Found a transporter.
 18873 | Orc:2    | Noticed an orc warlord
 18874 | Orc:2    | Noticed qw's ghost (adept GrHu)
 18875 | Orc:2    | Found a bloodstained altar of Trog.
 19000 | Orc:2    | 19000 ||| Stepping ~*~*~tactically~*~*~ (outnumbered).
 19001 | Orc:2    | 19001 ||| Stepping ~*~*~tactically~*~*~ (outnumbered).
 19002 | Orc:2    | 19002 ||| DRINKING 14 potions of curing.
 19002 | Orc:2    | 19002 ||| (to cure confusion)
 19008 | Orc:2    | 19008 ||| INVOKING Heroism.
 19021 | Orc:2    | 19021 ||| INVOKING Heroism.
 19024 | Orc:2    | HP: 21/100 [orc priest/divine providence (15)]
 19025 | Orc:2    | 19025 ||| READING scroll of teleportation.
 19026 | Orc:2    | HP: 10/100 [orc priest/divine providence (14)]
 19057 | Orc:2    | 19057 ||| INVOKING Heroism.
 19104 | Orc:2    | Noticed Erolcha
 19107 | Orc:2    | Killed Erolcha
 19122 | Orc:2    | Found a staircase to the Elven Halls.
 19144 | Orc:2    | 19144 ||| INVOKING Heroism.
 19192 | Orc:2    | Found Caotyf's Distillery.
 19192 | Orc:2    | Found Zeytsoj's Antique Armour Shop.
 19193 | Orc:2    | 19193 ||| Stepping ~*~*~tactically~*~*~ (outnumbered).
 19197 | Orc:2    | Found Rorgh's Antique Armour Shop.
 19198 | Orc:2    | 19198 ||| Stepping ~*~*~tactically~*~*~ (outnumbered).
 19202 | Orc:2    | 19202 ||| Stepping ~*~*~tactically~*~*~ (outnumbered).
 19219 | Orc:2    | Found Fapeif's Jewellery Boutique.
 19222 | Orc:2    | 19222 ||| BUYING 2 potions of curing (96 gold).
 19222 | Orc:2    | Bought 2 potions of curing for 96 gold pieces
 19222 | Orc:2    | 19222 ||| BUYING potion of curing (48 gold).
 19222 | Orc:2    | Bought a potion of curing for 48 gold pieces
 19222 | Orc:2    | 19222 ||| BUYING potion of heal wounds (80 gold).
 19222 | Orc:2    | Bought a potion of heal wounds for 80 gold pieces
 19222 | Orc:2    | 19222 ||| BUYING potion of might (64 gold).
 19222 | Orc:2    | Bought a potion of might for 64 gold pieces
 19222 | Orc:2    | 19222 ||| BUYING potion of might (64 gold).
 19222 | Orc:2    | Bought a potion of might for 64 gold pieces
 19222 | Orc:2    | 19222 ||| BUYING potion of mutation (128 gold).
 19222 | Orc:2    | Bought a potion of mutation for 128 gold pieces
 19223 | Orc:2    | 19223 ||| BUYING +5 ring of evasion (648 gold).
 19223 | Orc:2    | Bought a +5 ring of evasion for 648 gold pieces
 19223 | Orc:2    | 19223 ||| BUYING amulet of faith (720 gold).
 19223 | Orc:2    | Bought an amulet of faith for 720 gold pieces
 19223 | Orc:2    | 19223 ||| SHOPLISTING amulet of guardian spirit (540 gold,
                  | have 55).
 19223 | Orc:2    | 19223 ||| SHOPLISTING ring of ice (450 gold, have 55).
 19223 | Orc:2    | 19223 ||| SHOPLISTING ring of protection from cold (450
                  | gold, have 55).
 19224 | Orc:2    | 19224 ||| SHOPLISTING +3 Mad Mage's Maulers {Infuse+∞
                  | VampMP -Cast} (1200 gold, have 55).
 19224 | Orc:2    | 19224 ||| SHOPLISTING crude leather armour (210 gold, have
                  | 55).
 19225 | Orc:2    | 19225 ||| SHOPLISTING twisted ring mail (189 gold, have
                  | 55).
 19454 | Orc:2    | 19454 ||| PLANNING SHOALS:1-3
 19454 | Orc:2    | 19454 ||| UPGRADING to amulet of faith.
 19483 | Orc:1    | 19483 ||| INVOKING Heroism.
 19582 | Shoals:1 | Entered Level 1 of the Shoals
 19588 | Shoals:1 | 19588 ||| STAIRDANCE
 19601 | Lair:3   | 19601 ||| INVOKING Heroism.
 19671 | Shoals:1 | Reached XP level 16. HP: 106/106 MP: 23/23
 19676 | Shoals:1 | 19676 ||| STAIRDANCE
 19740 | Shoals:1 | 19740 ||| INVOKING Heroism.
 19968 | Shoals:1 | 19968 ||| INVOKING Heroism.
 19969 | Shoals:1 | 19969 ||| Stepping ~*~*~tactically~*~*~ (outnumbered).
 19971 | Shoals:1 | 19971 ||| Stepping ~*~*~tactically~*~*~ (outnumbered).
 19984 | Shoals:1 | 19984 ||| Stepping ~*~*~tactically~*~*~ (outnumbered).
 19997 | Shoals:1 | 19997 ||| Stepping ~*~*~tactically~*~*~ (outnumbered).
 20495 | Shoals:2 | 20495 ||| INVOKING Heroism.
 20555 | Shoals:2 | Reached skill level 21 in Ranged Weapons
 20624 | Shoals:2 | 20624 ||| FLEEEEING.
 20625 | Shoals:2 | 20625 ||| FLEEEEING.
 20626 | Shoals:2 | 20626 ||| FLEEEEING.
 20627 | Shoals:2 | 20627 ||| FLEEEEING.
 20631 | Shoals:2 | 20631 ||| Stepping ~*~*~tactically~*~*~ (outnumbered).
 20634 | Shoals:2 | 20634 ||| INVOKING Heroism.
 20636 | Shoals:2 | 20636 ||| Stepping ~*~*~tactically~*~*~ (outnumbered).
 20638 | Shoals:2 | 20638 ||| INVOKING Finesse.
 20643 | Shoals:2 | 20643 ||| Stepping ~*~*~tactically~*~*~ (outnumbered).
 20661 | Shoals:2 | Received a gift from Okawaru
 20682 | Shoals:2 | Reached skill level 15 in Fighting
 21071 | Shoals:2 | Noticed a kraken
 21078 | Shoals:2 | 21078 ||| INVOKING Heroism.
 21084 | Shoals:2 | Killed a kraken
 21150 | Shoals:2 | Found a runed translucent door.
 21150 | Shoals:2 | Found a shimmering altar of Xom.
 21150 | Shoals:2 | Noticed Qatuad's ghost (adept GnFi)
 21475 | Shoals:3 | 21475 ||| FLEEEEING.
 21476 | Shoals:3 | 21476 ||| FLEEEEING.
 21477 | Shoals:3 | 21477 ||| FLEEEEING.
 21483 | Shoals:3 | 21483 ||| Stepping ~*~*~tactically~*~*~ (outnumbered).
 21496 | Shoals:3 | 21496 ||| INVOKING Heroism.
 21499 | Shoals:3 | Identified the scarf "Zosecets" {+Inv, rElec} (Okawaru
                  | gifted it to you on level 3 of the Shoals)
 21499 | Shoals:3 | Received a gift from Okawaru
 21539 | Shoals:3 | 21539 ||| INVOKING Heroism.
 21541 | Shoals:3 | 21541 ||| Stepping ~*~*~tactically~*~*~ (outnumbered).
 21542 | Shoals:3 | 21542 ||| Stepping ~*~*~tactically~*~*~ (outnumbered).
 21569 | Shoals:3 | 21569 ||| INVOKING Finesse.
 21577 | Shoals:3 | 21577 ||| DROPPING scarf "Zosecets" {+Inv, rElec}.
 21585 | Shoals:3 | 21585 ||| INVOKING Heroism.
 21950 | Shoals:3 | 21950 ||| INVOKING Heroism.
 21980 | Shoals:3 | Noticed Ilsuiw
 21990 | Shoals:3 | 21990 ||| INVOKING Heroism.
 21997 | Shoals:3 | Killed Ilsuiw
 22242 | Shoals:3 | 22242 ||| PLANNING SNAKE:1-3
 22345 | Snake:1  | Entered Level 1 of the Snake Pit
 22403 | Snake:1  | Reached skill level 22 in Ranged Weapons
 22595 | Snake:1  | 22595 ||| READING scroll of enchant armour.
 22595 | Snake:1  | 22595 ||| ENCHANTING +1 hat of see invisible.
 22687 | Snake:1  | Found a shimmering altar of Xom.
 22723 | Snake:1  | Identified the +12 spear "Opsulecw" {drain, Will+}
 22777 | Snake:1  | Reached XP level 17. HP: 113/113 MP: 24/24
 22780 | Snake:1  | 22780 ||| INVOKING Heroism.
 22781 | Snake:1  | Received a gift from Okawaru
 22943 | Snake:1  | 22943 ||| INVOKING Heroism.
 23311 | Snake:2  | 23311 ||| STAIRDANCE
 23338 | Snake:2  | 23338 ||| INVOKING Heroism.
 23597 | Snake:2  | 23597 ||| Stepping ~*~*~tactically~*~*~ (outnumbered).
 23655 | Snake:2  | 23655 ||| Stepping ~*~*~tactically~*~*~ (outnumbered).
 23710 | Snake:2  | 23710 ||| INVOKING Heroism.
 23713 | Snake:2  | 23713 ||| Stepping ~*~*~tactically~*~*~ (outnumbered).
 24044 | Snake:3  | 24044 ||| INVOKING Heroism.
 24053 | Snake:3  | Reached skill level 9 in Armour
 24056 | Snake:3  | 24056 ||| STAIRDANCE
 24085 | Snake:3  | 24085 ||| INVOKING Heroism.
 24266 | Snake:3  | 24266 ||| Stepping ~*~*~tactically~*~*~ (outnumbered).
 24268 | Snake:3  | 24268 ||| Stepping ~*~*~tactically~*~*~ (outnumbered).
 24438 | Snake:3  | 24438 ||| Stepping ~*~*~tactically~*~*~ (outnumbered).
 24442 | Snake:3  | 24442 ||| Stepping ~*~*~tactically~*~*~ (outnumbered).
 24444 | Snake:3  | 24444 ||| Stepping ~*~*~tactically~*~*~ (outnumbered).
 24446 | Snake:3  | 24446 ||| Stepping ~*~*~tactically~*~*~ (outnumbered).
 24448 | Snake:3  | 24448 ||| Stepping ~*~*~tactically~*~*~ (outnumbered).
 24450 | Snake:3  | Identified the +0 cloak of the Gusle {Rampage rPois Will+}
                  | (Okawaru gifted it to you on level 3 of the Snake Pit)
 24450 | Snake:3  | Received a gift from Okawaru
 24457 | Snake:3  | 24457 ||| INVOKING Heroism.
 24459 | Snake:3  | 24459 ||| Stepping ~*~*~tactically~*~*~ (outnumbered).
 24460 | Snake:3  | 24460 ||| Stepping ~*~*~tactically~*~*~ (outnumbered).
 24550 | Snake:3  | Noticed Aizul
 24552 | Snake:3  | 24552 ||| INVOKING Heroism.
 24553 | Snake:3  | 24553 ||| INVOKING Finesse.
 24564 | Snake:3  | Killed Aizul
 24601 | Snake:3  | 24601 ||| PLANNING SHOALS:4
 24601 | Snake:3  | 24601 ||| UPGRADING to +0 cloak of the Gusle {Rampage rPois
                  | Will+}.
 24611 | Snake:3  | 24611 ||| DROPPING +0 cloak.
 24859 | Shoals:4 | Entered Level 4 of the Shoals
 24955 | Shoals:4 | 24955 ||| INVOKING Heroism.
 24976 | Shoals:4 | 24976 ||| Stepping ~*~*~tactically~*~*~ (outnumbered).
 24978 | Shoals:4 | 24978 ||| Stepping ~*~*~tactically~*~*~ (outnumbered).
 24980 | Shoals:4 | 24980 ||| Stepping ~*~*~tactically~*~*~ (outnumbered).
 24982 | Shoals:4 | 24982 ||| Stepping ~*~*~tactically~*~*~ (outnumbered).
 24984 | Shoals:4 | 24984 ||| Stepping ~*~*~tactically~*~*~ (outnumbered).
 24993 | Shoals:4 | 24993 ||| FLEEEEING.
 24994 | Shoals:4 | 24994 ||| INVOKING Heroism.
 25067 | Shoals:4 | 25067 ||| INVOKING Heroism.
 25068 | Shoals:4 | 25068 ||| INVOKING Finesse.
 25069 | Shoals:4 | 25069 ||| Stepping ~*~*~tactically~*~*~ (outnumbered).
 25105 | Shoals:4 | 25105 ||| INVOKING Finesse.
 25135 | Shoals:4 | 25135 ||| INVOKING Heroism.
 25306 | Shoals:4 | 25306 ||| INVOKING Heroism.
 25341 | Shoals:4 | Reached XP level 18. HP: 124/124 MP: 25/25
 25341 | Shoals:4 | 25341 ||| Stepping ~*~*~tactically~*~*~ (outnumbered).
 25342 | Shoals:4 | 25342 ||| Stepping ~*~*~tactically~*~*~ (outnumbered).
 25343 | Shoals:4 | 25343 ||| INVOKING Heroism.
 25452 | Shoals:4 | Got a barnacled rune of Zot
 25522 | Shoals:4 | 25522 ||| Stepping ~*~*~tactically~*~*~ (outnumbered).
 25524 | Shoals:4 | 25524 ||| Stepping ~*~*~tactically~*~*~ (outnumbered).
 25526 | Shoals:4 | 25526 ||| INVOKING Heroism.
 25594 | Shoals:4 | Reached skill level 18 in Fighting
 25629 | Shoals:4 | 25629 ||| INVOKING Heroism.
 25708 | Shoals:4 | 25708 ||| INVOKING Heroism.
 25709 | Shoals:4 | 25709 ||| INVOKING Finesse.
 25710 | Shoals:4 | 25710 ||| Stepping ~*~*~tactically~*~*~ (outnumbered).
 25715 | Shoals:4 | 25715 ||| Stepping ~*~*~tactically~*~*~ (outnumbered).
 25829 | Shoals:4 | 25829 ||| INVOKING Heroism.
 25833 | Shoals:4 | 25833 ||| Stepping ~*~*~tactically~*~*~ (outnumbered).
 25834 | Shoals:4 | 25834 ||| Stepping ~*~*~tactically~*~*~ (outnumbered).
 25837 | Shoals:4 | 25837 ||| Stepping ~*~*~tactically~*~*~ (outnumbered).
 26003 | Shoals:4 | 26003 ||| INVOKING Heroism.
 26004 | Shoals:4 | HP: 29/125 [tentacle[a kraken] (7)]
 26005 | Shoals:4 | 26005 ||| READING 5 scrolls of teleportation.
 26006 | Shoals:4 | 26006 ||| DRINKING 5 potions of heal wounds.
 26125 | Shoals:4 | 26125 ||| INVOKING Heroism.
 26131 | Shoals:4 | HP: 22/125 [tentacle[a kraken] (13)]
 26132 | Shoals:4 | 26132 ||| READING 4 scrolls of teleportation.
 26133 | Shoals:4 | 26133 ||| DRINKING 4 potions of heal wounds.
 26295 | Shoals:4 | Identified the +2 robe of the Tired Persimmons {rF+}
 26326 | Shoals:4 | 26326 ||| PLANNING VAULTS:1-4
 26326 | Shoals:4 | 26326 ||| PLANNING D
 26326 | Shoals:4 | 26326 ||| DROPPING +2 robe of the Tired Persimmons {rF+}.
 26536 | D:13     | 26536 ||| PLANNING VAULTS:1-4
 26538 | D:12     | 26538 ||| PLANNING D
 26547 | D:12     | 26547 ||| PLANNING VAULTS:1-4
 26571 | D:11     | 26571 ||| PLANNING D:1-11
 26571 | D:11     | 26571 ||| PLANNING D
 26582 | D:13     | 26582 ||| PLANNING VAULTS:1-4
 26584 | D:12     | 26584 ||| PLANNING D
 26611 | D:12     | 26611 ||| PLANNING VAULTS:1-4
 26644 | D:11     | 26644 ||| PLANNING D:1-11
 26644 | D:11     | 26644 ||| PLANNING D
 26657 | D:13     | 26657 ||| PLANNING VAULTS:1-4
 26659 | D:12     | 26659 ||| PLANNING D
 26686 | D:12     | 26686 ||| PLANNING VAULTS:1-4
 51633 | D:12     | Glimpsed the power of Zot.
 52133 | D:12     | Glimpsed the power of Zot.
 52533 | D:12     | Glimpsed the power of Zot.
 52633 | D:12     | Touched by the power of Zot (MHP 125 -> 102)
 52634 | D:12     | Glimpsed the power of Zot.
 53134 | D:12     | Glimpsed the power of Zot.
 53534 | D:12     | Glimpsed the power of Zot.
 53633 | D:12     | Touched by the power of Zot (MHP 107 -> 87)
 53634 | D:12     | Glimpsed the power of Zot.
 54134 | D:12     | Glimpsed the power of Zot.
 54534 | D:12     | Glimpsed the power of Zot.
 54633 | D:12     | Touched by the power of Zot (MHP 91 -> 73)
 54634 | D:12     | Glimpsed the power of Zot.
 55134 | D:12     | Glimpsed the power of Zot.
 55534 | D:12     | Glimpsed the power of Zot.
 55633 | D:12     | Touched by the power of Zot (MHP 76 -> 61)
 55634 | D:12     | Glimpsed the power of Zot.
 56134 | D:12     | Glimpsed the power of Zot.
 56534 | D:12     | Glimpsed the power of Zot.
 56633 | D:12     | Touched by the power of Zot (MHP 64 -> 51)
 56634 | D:12     | Glimpsed the power of Zot.
 57134 | D:12     | Glimpsed the power of Zot.
 57534 | D:12     | Glimpsed the power of Zot.
 57633 | D:12     | Touched by the power of Zot (MHP 54 -> 42)
 57634 | D:12     | Glimpsed the power of Zot.
 58134 | D:12     | Glimpsed the power of Zot.
 58534 | D:12     | Glimpsed the power of Zot.
 58633 | D:12     | Touched by the power of Zot (MHP 44 -> 34)
 58634 | D:12     | Glimpsed the power of Zot.
 58948 | D:12     | Fell from the grace of Okawaru
 58956 | D:12     | 58956 ||| DROPPING amulet of guardian spirit.
 59134 | D:12     | Glimpsed the power of Zot.
 59534 | D:12     | Glimpsed the power of Zot.
 59633 | D:12     | Touched by the power of Zot (MHP 36 -> 27)
 59634 | D:12     | Glimpsed the power of Zot.
 60134 | D:12     | Glimpsed the power of Zot.
 60534 | D:12     | Glimpsed the power of Zot.
 60633 | D:12     | Touched by the power of Zot (MHP 29 -> 22)
 60634 | D:12     | Glimpsed the power of Zot.
 61134 | D:12     | Glimpsed the power of Zot.
 61534 | D:12     | Glimpsed the power of Zot.
 61633 | D:12     | Touched by the power of Zot (MHP 24 -> 17)
 61634 | D:12     | Glimpsed the power of Zot.
 62134 | D:12     | Glimpsed the power of Zot.
 62534 | D:12     | Glimpsed the power of Zot.
 62633 | D:12     | Touched by the power of Zot (MHP 18 -> 12)
 62634 | D:12     | Glimpsed the power of Zot.
 63134 | D:12     | Glimpsed the power of Zot.
 63534 | D:12     | Glimpsed the power of Zot.
 63633 | D:12     | Touched by the power of Zot (MHP 13 -> 8)
 63634 | D:12     | Glimpsed the power of Zot.
 64134 | D:12     | Glimpsed the power of Zot.
 64534 | D:12     | Glimpsed the power of Zot.
 64633 | D:12     | Touched by the power of Zot (MHP 9 -> 5)
 64634 | D:12     | Glimpsed the power of Zot.
 65134 | D:12     | Glimpsed the power of Zot.
 65534 | D:12     | Glimpsed the power of Zot.
 65633 | D:12     | Touched by the power of Zot (MHP 6 -> 2)
 65634 | D:12     | Glimpsed the power of Zot.
 66134 | D:12     | Glimpsed the power of Zot.
 66534 | D:12     | Glimpsed the power of Zot.
 66633 | D:12     | Touched by the power of Zot (MHP 3 -> 1)
 66634 | D:12     | Quit the game

Levels and vault maps discovered:
D:1:      dpeg_arrival_rooms_a, layout_basic
D:2:      layout_basic, shapermc_ecumenical_altar_gd, serial_shops, shop,
          kennysheep_generic_room_13
D:3:      layout_loops_ring, uniq_ijyb
D:4:      cheibrodos_thug_alley, layout_basic, mainiacjoe_overflow_catwalk,
          mainiacjoe_overflow_paths, lemuel_zombie_altar_yredelemnul,
          serial_bayou, serial_bayou_pond_a, serial_bayou_pond_e,
          serial_bayou_shore_b, serial_bayou_pond_a, kennysheep_path_1,
          uniq_blork_the_orc, uniq_sigmund
D:5:      cheibrodos_barr_body, layout_cave_pools, uniq_menkaure, uniq_duvessa
D:6:      layout_basic, grunt_temple_overflow_lords_of_destruction,
          lemuel_round_altar, serial_undead, serial_undead_e, serial_undead_d,
          serial_undead_a, serial_undead_e, ebering_ghost_sewer_f, uniq_grinder
D:7:      layout_loops_ring, lemuel_mausoleum_altar_kikubaaqudgha,
          lemuel_temple_firewalk_b, uniq_pikel
D:8:      layout_loops_ring, nemelex_xobeh_ov_fountains_minmay, enter_bailey_3
D:9:      layout_small_grid, gammafunk_temple_overflow_forgotten,
          overflow_temple_1_default, mainiacjoe_overflow_brackets,
          erik_lair_island, minmay_orc_entry_temple_small,
          nicolae_zen_rock_garden, guppyfry_early_elven_hall
D:10:     layout_roguey [special_room_kobold], mainiacjoe_overflow_alcove_4,
          zin_treasury, mainiacjoe_overflow_24_doors, nicolae_stop_n_shop_2
D:11:     minmay_coctagon, layout_rooms
D:12:     layout_cave_pools, ebering_ghost_gozag, uniq_gastronok
D:13:     layout_long_grid, nicolae_two_hexagons, uniq_josephine, uniq_sonja,
          uniq_nessos
D:14:     layout_basic, david_vaults_5, minmay_nine_imps
D:15:     grunt_enter_depths_snipers, layout_irregular_city,
          hangedman_decor_peaks_small
Lair:1:   layout_loops_ring, lemuel_fruit_fields
Lair:2:   layout_loops_ring, nicolae_snake_entry_warm_welcome,
          grunt_megastairs_2, infiniplex_staircase_pool, uniq_fannar
Lair:3:   layout_loops_ring, shoals_dummy_entry, gammafunk_ghost_ooze,
          kennysheep_abandoned_house
Lair:4:   layout_roguey, infiniplex_staircase_pool_2, lemuel_fruit_fields
Lair:5:   evil_forest, layout_misc_corridors, nicolae_slime_entry_slimehenge,
          gammafunk_ghost_cemetery, kennysheep_basilisk_garden, uniq_urug
Shoals:1: layout_shoals, nicolae_shoals_water_booths
Shoals:2: layout_shoals, ebering_ghost_xom, nicolae_shoals_dead_sea_scrolls
Shoals:3: layout_shoals, uniq_ilsuiw
Shoals:4: shoals_end_hangedman, layout_shoals, nicolae_shoals_this_corrosion
Snake:1:  layout_grid_shapes, basic_altar, serial_bayou_crossing
Snake:2:  layout_rooms
Snake:3:  layout_rooms, st_stairs_10, chequers_hall_statues_y,
          nrook_loot_triangle, uniq_aizul
Orc:1:    emtedronai_trogs_sanctum, layout_caves, basic_altar, uniq_maurice
Orc:2:    st_orc_mages, layout_diamond_mine, gammafunk_ghost_wrathful_warriors,
          uniq_erolcha, uniq_saint_roka

Skill      XL: |  1  2  3  4  5  6  7  8  9 10 11 12 13 14 15 16 17 18 |
---------------+-------------------------------------------------------+-----
Armour         | 1 4 5 6 7 8 9 10 | 10.0
Ranged Weapons | 5 6 7 9 11 13 14 15 17 19 20 22 | 22.0
Fighting       | 3 5 6 8 9 10 11 13 14 15 17 18 | 18.0
Dodging        | 2 3 4 5 6 7 9 11 | 11.2
Invocations    | 1 3 4 8 10 | 10.0
Stealth        | |  1.1

Action                     |  1- 3 |  4- 6 |  7- 9 | 10-12 | 13-15 | 16-18 || total
---------------------------+-------+-------+-------+-------+-------+-------++-------
   Fire: Shortbow          |    94 |   160 |   149 |       |       |       ||   403
         Orcbow            |       |       |   269 |       |       |       ||   269
         Longbow           |       |       |    19 |   351 |       |       ||   370
         Triple crossbow   |       |       |       |   122 |   898 |   823 ||  1843
 Invoke: Heroism           |       |       |    11 |    21 |    32 |    30 ||    94
         Finesse           |       |       |       |     1 |     6 |     6 ||    13
    Use: Scroll            |     1 |     7 |     9 |     3 |    12 |     3 ||    35
         Potion            |       |     4 |     3 |     1 |     3 |     2 ||    13
 Armour: Leather armour    |    20 |       |       |       |       |       ||    20
         Ring mail         |     6 |    39 |    10 |    99 |   123 |       ||   277
         Skin              |       |    10 |       |       |       |       ||    10
         Robe              |       |       |    60 |    16 |       |       ||    76
         Troll leather arm |       |       |       |       |    79 |   178 ||   257
  Dodge: Dodged            |    44 |    78 |   247 |   260 |   673 |   628 ||  1930

Table legend:
 A = Non-vault XP
 B = Vault XP
 C = Vault XP percentage of total XP
 D = Non-vault monster count
 E = Vault monster count
 F = Vault count percentage of total count
                 A         B        C        D         E       F
            +---------+---------+-------+---------+---------+-------
      Total |  194792 |   70573 |  26.6 |     705 |     287 |  28.9
            +---------+---------+-------+---------+---------+-------
        D:1 |      37 |       0 |   0.0 |      22 |       0 |   0.0
        D:2 |     110 |       2 |   1.8 |      27 |       1 |   3.6
        D:3 |      99 |      36 |  26.7 |      16 |       1 |   5.9
        D:4 |     210 |     498 |  70.3 |       9 |      14 |  60.9
        D:5 |     557 |    1116 |  66.7 |      20 |      16 |  44.4
        D:6 |     617 |     738 |  54.5 |      20 |       8 |  28.6
        D:7 |    1112 |    1234 |  52.6 |      21 |      13 |  38.2
        D:8 |     930 |       7 |   0.7 |      11 |       4 |  26.7
        D:9 |    1431 |    1657 |  53.7 |      14 |      18 |  56.2
       D:10 |    3521 |    2451 |  41.0 |      23 |      27 |  54.0
       D:11 |    1263 |    2263 |  64.2 |      10 |       6 |  37.5
       D:12 |    7113 |    1440 |  16.8 |      23 |       1 |   4.2
       D:13 |    9570 |    3568 |  27.2 |      27 |       7 |  20.6
       D:14 |    6412 |     404 |   5.9 |      13 |       9 |  40.9
       D:15 |    8526 |    2702 |  24.1 |      17 |       3 |  15.0
     Lair:1 |    2228 |       0 |   0.0 |       8 |       0 |   0.0
     Lair:2 |    7251 |    1771 |  19.6 |      21 |       8 |  27.6
     Lair:3 |   13918 |    1060 |   7.1 |      44 |      14 |  24.1
     Lair:4 |    7490 |     358 |   4.6 |      22 |       1 |   4.3
     Lair:5 |   11427 |   11092 |  49.3 |      41 |      34 |  45.3
   Shoals:1 |    6017 |    3992 |  39.9 |      14 |       5 |  26.3
   Shoals:2 |   16664 |       0 |   0.0 |      38 |       0 |   0.0
   Shoals:3 |   13762 |    3174 |  18.7 |      29 |       5 |  14.7
   Shoals:4 |   19223 |   21244 |  52.5 |      39 |      37 |  48.7
    Snake:1 |   14101 |       0 |   0.0 |      28 |       0 |   0.0
    Snake:2 |   22999 |       0 |   0.0 |      48 |       0 |   0.0
    Snake:3 |   13277 |    2845 |  17.6 |      28 |       3 |   9.7
      Orc:1 |    2361 |     432 |  15.5 |      38 |       3 |   7.3
      Orc:2 |    2566 |    6489 |  71.7 |      34 |      49 |  59.0
            +---------+---------+-------+---------+---------+-------
